 Dungeon Crawl Stone Soup version 0.22-a0-303-g4a852b3 (webtiles) character file.

53 grindst0ne the Cutter (level 4, -4/29 HPs)
             Began as a Kobold Berserker on Mar 27, 2018.
             Was a Follower of Trog.
             Killed from afar by an orc wizard (14 damage)
             ... with a puff of flame
             ... on level 2 of the Dungeon.
             The game lasted 00:02:04 (1236 turns).

grindst0ne the Cutter (Kobold Berserker)            Turns: 1236, Time: 00:02:05

Health: -4/29      AC:  3    Str: 14    XL:     4   Next: 11%
Magic:  4/4        EV: 15    Int:  9    God:    Trog [*.....]
Gold:   92         SH:  0    Dex: 14    Spells: 3/3 levels left

rFire    . . .     SeeInvis .   a - +0 short sword
rCold    . . .     Gourm    .   (shield restricted)
rNeg     . . .     Faith    .   g - +0 leather armour
rPois    .         Spirit   .   (no helmet)
rElec    .         Reflect  .   (no cloak)
rCorr    .         Harm     .   (no gloves)
MR       .....                  (no boots)
Stlth    +.........             (no amulet)
HPRegen  0.09/turn              (no ring)
MPRegen  0.09/turn              (no ring)

@: no status effects
A: small, carnivore
a: Berserk, Renounce Religion


You were on level 2 of the Dungeon.
You worshipped Trog.
Trog was aware of your devotion.
You were very full.

You visited 1 branch of the dungeon, and saw 2 of its levels.

You collected 92 gold pieces.

Inventory:

Hand Weapons
 a - a +0 short sword (weapon)
Armour
 b - a +0 animal skin
 g - a +0 leather armour (worn)
Scrolls
 d - 2 scrolls of teleportation {unknown}
 e - 3 scrolls of random uselessness {unknown}
 j - a scroll of enchant weapon {unknown}
Potions
 h - a potion of heal wounds {unknown}
 i - a potion of agility {unknown}
Comestibles
 c - 3 rations
 k - 3 chunks of flesh


   Skills:
 + Level 4.0 Fighting
 + Level 4.8 Short Blades
 - Level 1.5 Armour
 + Level 3.5 Dodging


You had 3 spell levels left.
You didn't know any spells.

Dungeon Overview and Level Annotations

Branches:
Dungeon (2/15)

Altars:


Innate Abilities, Weirdness & Mutations

You are small and have problems with some larger weapons.
You are carnivorous and can eat meat at any time.


Message History

An orc wizard is nearby!
You hit the orc wizard but do no damage.
The orc wizard points at you and mumbles some strange words.
The puff of flame hits you!
* * * LOW HITPOINT WARNING * * *
You hit the orc wizard but do no damage.
The orc wizard barely misses you.
You closely miss the orc wizard.
The orc wizard gestures at you while chanting.
The puff of flame hits you!
* * * LOW HITPOINT WARNING * * *
You hit the orc wizard but do no damage.
The orc wizard barely misses you.
It was a potion of curing.
You feel better.
The orc wizard hits you but does no damage.
You hit the orc wizard.
The orc wizard is moderately wounded.
The orc wizard casts a spell at you. The puff of flame hits you!
You die...

#..# #.##
########## #..#
#.o......#
#..###.######w#
##ow##.# #.#
#####(.##.# #.#
.....(.##.# #.#
........#)# #o#
.....#..#o# #@#
.....#....# #.#
.....#....# #.#
######....# #.#
#....# #.#
#....# #.#
#....# #.# ##
#.#.(#### #.#
.#####.......#
#.#


You could see a worm and an orc wizard.

Vanquished Creatures
  2 adders (D:2)
  An ooze (D:1)
  2 orcs (D:2)
  3 bats (D:1)
  3 giant cockroaches
  3 goblins
  5 hobgoblins (D:1)
  2 ball pythons (D:1)
  2 frilled lizards
  3 kobolds
  5 rats
31 creatures vanquished.

Notes
Turn   | Place    | Note
-------+----------+-------------------------------------------
     0 | D:1      | grindst0ne the Kobold Berserker began the quest for the Orb.
     0 | D:1      | Reached XP level 1. HP: 14/14 MP: 1/1
   113 | D:1      | Reached XP level 2. HP: 8/19 MP: 2/2
   498 | D:1      | Reached XP level 3. HP: 19/24 MP: 3/3
  1095 | D:2      | Reached XP level 4. HP: 29/29 MP: 4/4
  1233 | D:2      | HP: 1/29 [orc wizard/puff of flame (8)]
  1236 | D:2      | Killed from afar by an orc wizard

Vault maps used:
D:1:      minmay_arrival_glassed_features, st_stairs_5

Skill      XL: |  1  2  3  4 |
---------------+-------------+-----
Dodging        | 3 |  3.5
Fighting       | 4 |  4.0
Short Blades   | |  4.8
Armour         | |  1.5

Action                   |  1- 3 |  4- 6 || total
-------------------------+-------+-------++-------
Melee: Short sword       |   124 |    18 ||   142
  Use: Potion            |       |     1 ||     1
  Eat: Chunk             |     9 |       ||     9
Armor: Animal skin       |     4 |       ||     4
       Leather armour    |    19 |     2 ||    21
Dodge: Dodged            |    86 |    13 ||    99

Table legend:
 A = Spawn XP
 B = Non-spawn XP
 C = Spawn XP percentage of total XP
 D = Spawn monster count
 E = Non-spawn monster count
 F = Spawn count percentage of total count
 G = Total turns spent on level
                    A         B        C        D         E        F      G
               +---------+---------+-------+---------+---------+-------+---------
         Total |       0 |      77 |   0.0 |       0 |      31 |   0.0 |  1236
               +---------+---------+-------+---------+---------+-------+---------
           D:1 |       0 |      37 |   0.0 |       0 |      21 |   0.0 |   724
           D:2 |       0 |      40 |   0.0 |       0 |      10 |   0.0 |   512
               +---------+---------+-------+---------+---------+-------+---------
